 Dungeon Crawl Stone Soup version 0.30-b1-2-g02819fbbbe (webtiles) character file.

Game seed: 9424806920233096870

464 Xpam the Cudgeller (level 7, -2/40 HPs)
             Began as a Gargoyle Gladiator on Aug 23, 2023.
             Was an Initiate of Okawaru.
             Slain by a raiju (4 damage)
             ... on level 1 of the Abyss.
             The game lasted 00:11:23 (3733 turns).

Xpam the Cudgeller (Gargoyle Gladiator)             Turns: 3733, Time: 00:11:24

Health: -2/40      AC: 13    Str: 19    XL:     7   Next: 7%
Magic:  7/7        EV: 10    Int:  9    God:    Okawaru [......]
Gold:   106        SH:  0    Dex: 11    Spells: 6/6 levels left

rFire   . . .        a - +0 flail (vamp)
rCold   . . .        (no shield)
rNeg    + . .        e - +0 scale mail
rPois   ∞            c - +1 helmet
rElec   +            (no cloak)
rCorr   .            (no gloves)
SInv    .            (no boots)
Will    .....        (no amulet) Stlth
                     (no ring)
HPRegen 0.26/turn    (no ring)
MPRegen 0.10/turn

%: no passive effects
@: silenced, invisible
A: sickness immunity, AC +4, negative energy resistance 1, electricity
resistance, torment resistance 1, petrification resistance
a: Renounce Religion


You were on level 1 of the Abyss.
You worshipped Okawaru.
Okawaru was noncommittal.
You visited 2 branches of the dungeon, and saw 5 of its levels.
You visited the Abyss 1 time.

You collected 106 gold pieces.

Inventory:

Hand Weapons
 a - a +0 vampiric flail (weapon)
 m - a +1 hand axe of flaming
Missiles
 d - 3 throwing nets
 g - 5 curare-tipped darts
 o - a javelin (quivered)
Armour
 c - a +1 helmet (worn)
 e - a +0 scale mail (worn)
Wands
 t - a wand of iceblast (14)
Scrolls
 b - a scroll of magic mapping
 f - a scroll of enchant weapon
 h - a scroll of brand weapon
 k - a scroll of amnesia
 u - a scroll of fear {unknown}
Potions
 p - a potion of lignification {unknown}
 q - a potion of berserk rage {unknown}


   Skills:
 - Level 2.5 Fighting
 + Level 6.9 Maces & Flails
 - Level 1.8 Throwing
 - Level 1.6 Armour
 - Level 3.2 Dodging


You had 6 spell levels left.
You didn't know any spells.
Your spell library contained the following spells:

 Spells                   Type           Power      Damage    Failure   Level
 Magic Dart               Conj           0%         1d3       77%         1
 Necrotise                Necr           0%         1d4       77%         1
 Blink                    Tloc           0%         N/A       88%         2
 Lesser Beckoning         Tloc           0%         N/A       88%         2
 Momentum Strike          Conj/Tloc      0%         3d8       88%         2
 Mephitic Cloud           Conj/Pois/Air  0%         N/A       98%         3
 Portal Projectile        Hex/Tloc       0%         N/A       98%         3
 Vampiric Draining        Necr           0%         2d6       98%         3
 Agony                    Necr           0%         N/A       100%        5
 Blade Hands              Tmut           0%         N/A       100%        5
 Call Imp                 Summ           Unusable   N/A       N/A         2
 Tukima's Dance           Hex            Unusable   N/A       N/A         3

Dungeon Overview and Level Annotations

Branches:
Dungeon (4/15)             Temple (1/1) D:4

Altars:
Cheibriados
Dithmenos
Gozag
Hepliaklqana
Makhleb
Okawaru
Sif Muna
Trog
Vehumet
Wu Jian
Yredelemnul

Shops:
D:3 :(

Annotations:
D:4 Edmund


Innate Abilities, Weirdness & Mutations

You are immune to sickness and miasma.
Your stone body is resilient. (AC +4)
You are immune to poison.
You resist negative energy. (rN+)
You are resistant to electric shocks. (rElec)
You are resistant to unholy torment.
You are immune to petrification.


Message History

The ynoxinul hits you but does no damage.
The ynoxinul attacks as you move away!
The ynoxinul hits you but does no damage.
The ufetubus attacks as you move away!
The ufetubus hits you but does no damage.
The ufetubus barely misses you.
The ufetubus hits you but does no damage.
The ufetubus barely misses you.
The raiju bursts into living lightning!
The living lightning hits the ufetubus!
The ufetubus dies!
The ufetubus disappears in a puff of smoke!
The living lightning hits you. You resist.
* * * LOW HITPOINT WARNING * * *
The raiju blinks!
An orange demon comes into view.
It was a potion of curing.
You feel better. The raiju bites you but does no damage.
The raiju bursts into living lightning!
The living lightning hits you. You resist.
* * * LOW HITPOINT WARNING * * *
The raiju blinks!
The raiju bursts into living lightning!
The living lightning hits you but does no damage.
You resist.
The raiju blinks!
The raiju bursts into living lightning!
The living lightning hits you. You resist.
* * * LOW HITPOINT WARNING * * *
The raiju blinks!
The raiju attacks as you move away! The raiju closely misses you.
A white draconian stormcaller comes into view.
It is wielding a +0 dagger.
The raiju bites you but does no damage.
The white draconian stormcaller invokes the aid of Qazlal against you.
Qazlal smites you!
* * * LOW HITPOINT WARNING * * *
It was a potion of invisibility.
You fade into invisibility!
The ufetubus closely misses you. The ufetubus barely misses you.
The raiju bites you.
You die... q

# .# . . #... ..
.# .#. # .# # #..
#. #.#.# ##. #..
#####...#. ..#
#.####..4.## ...
#@5##..##.#.# .
#.h..3#§...#.#.
#.#.######3#..####
####.##§h§##...#
.#§5§§§#§#..##
#.....## #§§§.# .
.#..### # §#§# .
#. #§#§##.#.. .
#.## ...


You could see a white draconian stormcaller (unable to see you), a raiju
(unsilenced), a ynoxinul (unable to see you) and an ufetubus (summoned, unable
to see you).

Vanquished Creatures
  Grinder (D:3)
  Pargi (D:3)
  An orc wizard (D:3)
  3 gnolls (D:2)
  3 adders
  A worm (D:4)
  3 dart slugs
  9 orcs
  9 ball pythons
  An endoplasm (D:1)
  4 giant cockroaches
  8 goblins
  5 hobgoblins
  11 jackals
  A quokka (D:3)
  4 bats
  3 frilled lizards
  5 kobolds
  6 rats
79 creatures vanquished.

Vanquished Creatures (others)
  A giant cockroach (D:4)
  9 plants (D:2)
10 creatures vanquished.

Grand Total: 89 creatures vanquished

Notes
Turn   | Place    | Note
-------+----------+-------------------------------------------
     0 | D:1      | Xpam the Gargoyle Gladiator began the quest for the Orb.
     0 | D:1      | Reached XP level 1. HP: 12/12 MP: 1/1
   103 | D:1      | Reached XP level 2. HP: 17/17 MP: 2/2
   448 | D:1      | Reached XP level 3. HP: 22/22 MP: 3/3
  1088 | D:2      | Reached XP level 4. HP: 23/27 MP: 4/4
  1187 | D:2      | Reached skill level 4 in Maces & Flails
  1245 | D:2      | Reached skill level 1 in Armour
  2086 | D:3      | Reached XP level 5. HP: 24/31 MP: 5/5
  2110 | D:3      | Found Fonk's Weapon Emporium.
  2111 | D:3      | Noticed a +0 triple sword
  2112 | D:3      | Noticed a +0 quick blade
  2285 | D:3      | Noticed Pargi
  2300 | D:3      | Killed Pargi
  2301 | D:3      | Reached skill level 5 in Maces & Flails
  2301 | D:3      | Reached XP level 6. HP: 28/36 MP: 6/6
  2399 | D:3      | Found Ogo Kale's Book Shop.
  2702 | D:3      | Noticed Grinder
  2702 | D:3      | Paralysed by Grinder for 4 turns
  2722 | D:3      | Killed Grinder
  2723 | D:3      | Reached skill level 6 in Maces & Flails
  2723 | D:3      | Reached XP level 7. HP: 40/40 MP: 7/7
  2896 | D:4      | Noticed Edmund
  3068 | D:4      | Found a staircase to the Ecumenical Temple.
  3085 | Temple   | Entered the Ecumenical Temple
  3306 | Temple   | Became a worshipper of Warmaster Okawaru
  3514 | Abyss:1  | Cast into level 1 of the Abyss (kobold)
  3647 | Abyss:1  | Noticed a small abomination
  3647 | Abyss:1  | Noticed a raiju
  3674 | Abyss:1  | Found a corrupted altar of Lugonu.
  3694 | Abyss:1  | Noticed a raiju
  3696 | Abyss:1  | Noticed a ynoxinul
  3726 | Abyss:1  | Noticed an orange demon
  3732 | Abyss:1  | Noticed a white draconian stormcaller
  3732 | Abyss:1  | HP: 1/40 [white draconian stormcaller/divine providence
                  | (9)]
  3733 | Abyss:1  | Slain by a raiju

Illustrated notes

Levels and vault maps discovered:
D:1:      dpeg_arrival_tiny_a, layout_loops_cross, st_stairs_9,
          hangedman_decor_push
D:2:      layout_basic, serial_bayou_lagoon_a
D:3:      layout_basic, serial_shops, nicolae_shop_mannequins, shop, uniq_pargi,
          uniq_grinder
D:4:      layout_basic, grunt_qazlal_clouds, jmf_multi_god_temple2,
          minmay_temple_entry_statues, uniq_edmund
Temple:   minmay_temple_curvy_loop
Abyss:1:  base:
D:1

Skill      XL: |  1  2  3  4  5  6 |
---------------+-------------------+-----
Dodging        | 3 |  3.2
Maces & Flails | 4 5 6 |  6.9
Armour         | 1 |  1.6
Fighting       | |  2.5
Throwing       | |  1.8

Action                     |  1- 3 |  4- 6 |  7- 9 || total
---------------------------+-------+-------+-------++-------
  Melee: Flail             |   108 |   144 |    47 ||   299
         Punch             |     2 |     1 |       ||     3
  Throw: Javelin           |     1 |     2 |       ||     3
         Dart              |       |     2 |       ||     2
    Use: Scroll            |       |     3 |     5 ||     8
         Potion            |       |     1 |     2 ||     3
 Armour: Leather armour    |     6 |       |       ||     6
         Ring mail         |    38 |       |       ||    38
         Scale mail        |     2 |    88 |    37 ||   127
  Dodge: Dodged            |    75 |    74 |    46 ||   195
